cohdb
Replays
Latest Replays
All Replays
Popular Replays
Top Player Replays
Match Explorer
How It Works
Community
CoH3 Stats
Reddit
Sign in to upload your games and track your stats! →
Sign in with Steam
Match 36616036
Unlisted
Match 36616036
Overview
Messages
Build Orders
End
Construct Barracks
Selects Advanced Infantry Battlegroup
Riflemen Squad
Riflemen Squad
Riflemen Squad
Grenade Package
Selects Convert to Ranger Squad
M1 Mortar Team
Convert to Ranger Squad
Construct Medical Station
Mechanized Support Center
Selects Artillery Observers
Convert to Ranger Squad
Engineer Squad
Construct Tank Depot
Selects Frontline Medical Station
M4A1 Sherman Medium Tank
M4A1 76mm Conversion
Designate Forward Repair Station
M18 Hellcat Tank Destroyer
Bruistablet
compsecmonkey
Mishkashmoodle
SickOFCauger
0
0
Comments
sign in to comment!
No comments posted yet!